[Event "November 21 Early 2023"]
[Site "https://www.chess.com"]
[Date "2023.11.21"]
[Round "4"]
[White "Nikulina, Alena"]
[Black "rikchessmx"]
[Result "0-1"]
[Board "227"]
[TimeControl "180+1"]
[WhiteFideId "4172051"]
[WhiteElo "1627"]
[BlackElo "2316"]
[WhiteTeam "RUS"]
[WhiteClock "0:02:01"]
[BlackClock "0:02:41"]

1. e4 c5 2. Nf3 e6 3. d4 cxd4 4. Nxd4 a6 5. Bd3 Qc7 6. O-O Nf6 7. c4 h5 8. Nc3 Bc5 9. Nb3 Ng4 10. h3 Qh2# 0-1

[Event "November 21 Early 2023"]
[Site "https://www.chess.com"]
[Date "2023.11.21"]
[Round "4"]
[White "Rian, Kapriaga"]
[Black "Subramanian, Anusha"]
[Result "1-0"]
[Board "228"]
[TimeControl "180+1"]
[WhiteFideId "7103263"]
[BlackFideId "477710"]
[WhiteElo "2300"]
[BlackElo "1774"]
[WhiteTeam "INA"]
[BlackTeam "ENG"]
[WhiteClock "0:00:58"]
[BlackClock "0:00:05"]

1. d4 Nf6 2. e3 d5 3. Bd3 c5 4. c3 e6 5. f4 Nc6 6. Nf3 a6 7. O-O b5 8. Ne5 Bb7 9. Bd2 Be7 10. Be1 O-O 11. Bh4 cxd4 12. exd4 Nxe5 13. fxe5 Ne4 14. Bxe7 Qxe7 15. Nd2 b4 16. Rc1 Rac8 17. Rf3 bxc3 18. bxc3 Qg5 19. Bxe4 dxe4 20. Rg3 Qe7 21. Qe2 Qa3 22. Rc2 f5 23. exf6 Rxf6 24. Nxe4 Bxe4 25. Qxe4 Rcf8 26. h3 Qd6 27. Kh2 Rg6 28. Qe5 Qxe5 29. dxe5 Rxg3 30. Kxg3 Rc8 31. c4 Rc5 32. Kf4 g5+ 33. Ke4 Kf7 34. Kd4 Rc6 35. c5 Ke7 36. Rb2 Rc7 37. Rb6 Rd7+ 38. Ke4 Rd2 39. Rxa6 Rxg2 40. Ra7+ Kd8 41. a4 Rc2 42. Kd4 h5 43. Rg7 Ra2 44. c6 Rxa4+ 45. Kc5 Ra5+ 46. Kd6 Ke8 47. Kxe6 Kd8 48. Kd6 Ke8 49. Rxg5 Ra6 50. Rxh5 Kf7 51. Rf5+ Kg6 52. Rf3 Ra8 53. e6 Ra1 54. e7 Rd1+ 55. Kc7 Re1 56. Kd8 Rd1+ 57. Ke8 Rc1 58. Kf8 Rxc6 59. e8=Q+ Kh7 60. Qxc6 Kh8 61. Qh6# 1-0

[Event "November 21 Early 2023"]
[Site "https://www.chess.com"]
[Date "2023.11.21"]
[Round "4"]
[White "Vlasova, Nataliya"]
[Black "AKINSEYE, Akinleye"]
[Result "1-0"]
[Board "229"]
[TimeControl "180+1"]
[WhiteFideId "4122682"]
[BlackFideId "8504458"]
[WhiteElo "1939"]
[BlackElo "1906"]
[WhiteTeam "RUS"]
[BlackTeam "NGR"]
[WhiteClock "0:00:08"]
[BlackClock "0:00:16"]

1. e4 d5 2. exd5 Qxd5 3. Nf3 Qd6 4. d4 Nf6 5. g3 g6 6. Bg2 Bg7 7. O-O O-O 8. Bf4 Qd8 9. c4 c6 10. Nc3 Bg4 11. Qd2 Nbd7 12. h3 Bxf3 13. Bxf3 e6 14. Rad1 Qb6 15. Be3 Qd8 16. Rfe1 Re8 17. Bf4 Rc8 18. Kg2 Nb6 19. b3 Qe7 20. d5 cxd5 21. c5 Qxc5 22. Be5 Nfd7 23. Bxg7 Kxg7 24. Ne2 Ne5 25. Qb2 Nd7 26. Nf4 Qc3 27. Qxc3 Rxc3 28. Be2 Rec8 29. Bb5 a6 30. Bxd7 Nxd7 31. Rd2 Rc2 32. Ree2 Rxd2 33. Rxd2 Rc3 34. Ne2 Rc5 35. a4 Nf6 36. f3 Nd7 37. b4 Rc4 38. Rb2 Ne5 39. Rb3 Nc6 40. b5 Na5 41. Ra3 d4 42. Kf2 d3 43. Rxd3 Rxa4 44. bxa6 bxa6 45. Rd7 Kf6 46. Ra7 Nc4 47. f4 Ra3 48. Nd4 a5 49. Nc6 e5 50. Nd8 exf4 51. Rxf7+ Kg5 52. gxf4+ Kh6 53. Ne6 g5 54. Nxg5 Kg6 55. Rxh7 a4 56. Ra7 Ra2+ 57. Kg3 a3 58. Kg4 Ra1 59. f5+ Kf6 60. Ra6+ Ke5 61. Nf3+ Ke4 62. f6 a2 63. f7 Ne5+ 64. Nxe5 Kxe5 65. f8=Q Rg1+ 66. Kh4 a1=Q 67. Rxa1 Rxa1 68. Qh8+ Ke4 69. Qxa1 Kd3 70. Qc1 Ke2 71. Qc2+ Ke1 72. Qd3 Kf2 73. Kg4 Ke1 74. Qc2 Kf1 75. Kf3 Ke1 76. Qe2# 1-0

[Event "November 21 Early 2023"]
[Site "https://www.chess.com"]
[Date "2023.11.21"]
[Round "4"]
[White "Mirza, Diana"]
[Black "Adithya A Chullikkad"]
[Result "1-0"]
[Board "230"]
[TimeControl "180+1"]
[WhiteFideId "2503999"]
[BlackFideId "45078734"]
[WhiteElo "1813"]
[BlackElo "2042"]
[WhiteTeam "IRL"]
[BlackTeam "IND"]
[WhiteClock "0:00:10"]
[BlackClock "0:00:00"]

1. e4 c5 2. Nf3 Nc6 3. d4 cxd4 4. Nxd4 e5 5. Nf5 d6 6. Bb5 Bxf5 7. exf5 Nf6 8. O-O Be7 9. Nc3 O-O 10. Bg5 Nd4 11. Bd3 Nd5 12. Nxd5 Bxg5 13. Qh5 g6 14. fxg6 hxg6 15. Qg4 Ne6 16. Bxg6 fxg6 17. Qxe6+ Kg7 18. Rad1 Re8 19. Qg4 Rc8 20. c3 b5 21. Nb4 Rc4 22. Qf3 Rh8 23. Nc6 Qa8 24. Nxe5 Qxf3 25. Nxf3 Be7 26. Nd4 Kf7 27. h3 Rc5 28. Rfe1 Rg5 29. Nf3 Rf5 30. Nd4 Rg5 31. Kf1 Bf6 32. f4 Rc5 33. Kf2 Bh4+ 34. g3 Bf6 35. h4 Rhc8 36. Kf3 b4 37. Nb3 R5c6 38. Nd4 Bxd4 39. Rxd4 bxc3 40. bxc3 Rxc3+ 41. Re3 Rxe3+ 42. Kxe3 Rc2 43. Rd2 Rc3+ 44. Rd3 Rc2 45. Rd2 Rc3+ 46. Kf2 Ke6 47. a4 Ra3 48. Rd4 d5 49. Rb4 Kf5 50. Rb5 Ke4 51. Rb4+ d4 52. Ke2 Ra2+ 53. Kf1 Ke3 54. Rb3+ d3 55. Rb1 Rf2+ 56. Kg1 d2 57. Rd1 Re2 58. Kf1 Rf2+ 59. Kg1 1-0

[Event "November 21 Early 2023"]
[Site "https://www.chess.com"]
[Date "2023.11.21"]
[Round "4"]
[White "Andersson, Bjorn 1971"]
[Black "GMT4114"]
[Result "1-0"]
[Board "231"]
[TimeControl "180+1"]
[WhiteFideId "1702114"]
[WhiteElo "2172"]
[BlackElo "1962"]
[WhiteTeam "SWE"]
[WhiteClock "0:02:06"]
[BlackClock "0:00:00"]

1. e4 e6 2. d4 d5 3. e5 c5 4. c3 Nc6 5. Nf3 Bd7 6. a3 f6 7. b4 fxe5 8. b5 Nxd4 9. cxd4 exd4 10. Ne5 Nf6 11. Be2 Bd6 12. Bf4 O-O 13. O-O Ne4 14. Nxd7 Qxd7 15. Bxd6 Qxd6 16. f3 Nf6 17. a4 e5 18. Qb3 c4 19. Qa2 d3 20. Bd1 Qc5+ 21. Kh1 d4 22. Na3 Rac8 23. Nxc4 Kh8 24. Bb3 Nh5 25. Rad1 Nf4 26. g3 Nh3 27. Nd2 Qe7 28. Be6 Rc2 29. Qb3 Rc3 30. Qd5 Rd8 31. Qxe5 1-0

[Event "November 21 Early 2023"]
[Site "https://www.chess.com"]
[Date "2023.11.21"]
[Round "4"]
[White "Martin, Lewis"]
[Black "Zepeda Berlanga, Jan Enrique"]
[Result "0-1"]
[Board "232"]
[TimeControl "180+1"]
[WhiteFideId "410551"]
[BlackFideId "5132355"]
[WhiteElo "2145"]
[BlackElo "1680"]
[WhiteTeam "ENG"]
[BlackTeam "MEX"]
[WhiteClock "0:02:13"]
[BlackClock "0:01:33"]

1. c4 Nf6 2. g3 g6 3. Bg2 Bg7 4. Nf3 O-O 5. O-O d5 6. cxd5 Nxd5 7. Nc3 c5 8. a3 Nc6 9. Qc2 Be6 10. e4 Nb6 11. d3 Rc8 12. Be3 Nd4 13. Qd1 Bb3 14. Qc1 Na4 15. Nxa4 Ne2+ 16. Kh1 Nxc1 0-1

[Event "November 21 Early 2023"]
[Site "https://www.chess.com"]
[Date "2023.11.21"]
[Round "4"]
[White "LLariMarc"]
[Black "Saim, Mohamed Ilias"]
[Result "1-0"]
[Board "233"]
[TimeControl "180+1"]
[BlackFideId "7900465"]
[WhiteElo "2255"]
[BlackElo "2063"]
[BlackTeam "ALG"]
[WhiteClock "0:01:04"]
[BlackClock "0:00:00"]

1. d4 Nf6 2. Nf3 e6 3. Bg5 Be7 4. Nbd2 d5 5. e3 c5 6. c3 Nc6 7. Bd3 O-O 8. O-O a6 9. Qe2 b5 10. dxc5 Bxc5 11. e4 dxe4 12. Nxe4 Qe7 13. Nxc5 Qxc5 14. Bxf6 gxf6 15. Qe4 f5 16. Qh4 Qe7 17. Qh5 Qf6 18. Rae1 Qg6 19. Qh4 Bb7 20. Qg3 Qxg3 21. hxg3 Rad8 22. Bc2 Rd7 23. Rd1 Rfd8 24. Rxd7 Rxd7 25. Rd1 Rxd1+ 26. Bxd1 Kg7 27. Kf1 Kf6 28. Ke2 Na5 29. Nd2 Bxg2 30. f3 Bh3 31. a4 h5 32. Kf2 f4 33. gxf4 Bf5 34. axb5 axb5 35. Be2 Nc4 36. Nxc4 bxc4 37. Bxc4 Ke7 38. Kg3 Kd6 39. b4 Kc6 40. Kh4 Bg6 41. Kg5 Kd6 42. Bb3 Ke7 43. c4 Kd6 44. c5+ Kc6 45. Bc4 Kc7 46. b5 Kb7 47. f5 Bxf5 48. Kxh5 Kc7 49. Kg5 Bg6 50. Kf6 Kb7 51. f4 Kc7 52. Ke7 Bh5 53. Bd3 1-0

[Event "November 21 Early 2023"]
[Site "https://www.chess.com"]
[Date "2023.11.21"]
[Round "4"]
[White "Gyulamiryan-koryun"]
[Black "Nemcova, Katerina"]
[Result "0-1"]
[Board "234"]
[TimeControl "180+1"]
[BlackFideId "322750"]
[WhiteElo "1900"]
[BlackElo "2264"]
[BlackTeam "USA"]
[WhiteClock "0:00:00"]
[BlackClock "0:00:26"]

1. e4 c5 2. Nf3 g6 3. c3 Bg7 4. d4 cxd4 5. cxd4 d6 6. Nc3 Nf6 7. Bb5+ Bd7 8. a4 O-O 9. O-O Nc6 10. Be3 Ng4 11. h3 Nxe3 12. fxe3 Na5 13. b4 Bxb5 14. bxa5 Bxf1 15. Qxf1 Qxa5 16. Nd5 e6 17. Nf4 Qc3 18. Re1 Rac8 19. e5 dxe5 20. dxe5 Bxe5 21. Nxe5 Qxe5 22. h4 Rc3 23. Qf2 h5 24. Nh3 f6 25. Nf4 Kh7 26. Qg3 Qf5 27. Qf3 Rf7 28. Qe2 e5 29. Nh3 Rc2 30. Qd1 Qe4 31. Nf2 Qc6 32. Qd3 Rd7 33. Qb3 Rxf2 34. Kxf2 Rd2+ 35. Re2 Rxe2+ 36. Kxe2 Qxg2+ 37. Kd3 Qf1+ 38. Kd2 Qf2+ 39. Kd3 Qxh4 40. Qf7+ Kh6 41. Qf8+ Kg5 0-1

[Event "November 21 Early 2023"]
[Site "https://www.chess.com"]
[Date "2023.11.21"]
[Round "4"]
[White "Awoki, Daniel Teidi"]
[Black "bn1462"]
[Result "1-0"]
[Board "235"]
[TimeControl "180+1"]
[WhiteFideId "2100827"]
[WhiteElo "2077"]
[BlackElo "1856"]
[WhiteTeam "BRA"]
[WhiteClock "0:00:09"]
[BlackClock "0:00:00"]

1. d4 Nf6 2. Nf3 d5 3. Bf4 e6 4. e3 Bd6 5. Bg3 O-O 6. c3 c5 7. Bd3 Qc7 8. Nbd2 Nbd7 9. O-O e5 10. dxe5 Nxe5 11. Nxe5 Bxe5 12. Nf3 Bxg3 13. hxg3 Bg4 14. Qc2 a6 15. Bf5 Bh5 16. Rfd1 Rfe8 17. Rd2 Rad8 18. a4 Bg6 19. Rad1 b5 20. axb5 axb5 21. Ra1 Ne4 22. Bxe4 Bxe4 23. Qd1 h6 24. Ra6 Qb7 25. Qa1 b4 26. Ra7 Qb6 27. Qa6 Qxa6 28. Rxa6 bxc3 29. bxc3 Rb8 30. Ra5 Rec8 31. Rda2 Rb3 32. R2a3 Rb1+ 33. Kh2 g6 34. Nd2 Rc1 35. f3 Rc2 36. Ra2 Bd3 37. Rxc2 Bxc2 38. Kg1 Kg7 39. Kf2 h5 40. Ke2 Bf5 41. Nb3 c4 42. Nd4 Bd3+ 43. Kf2 Rb8 44. g4 Rb2+ 45. Kg3 Bf1 46. gxh5 Rxg2+ 47. Kf4 gxh5 48. Rxd5 Rh2 49. Rg5+ Kh6 50. Rg1 Bh3 51. Nf5+ Bxf5 52. Kxf5 h4 53. Rg4 h3 54. Rxc4 Kh5 55. Rc8 Kh4 56. Kf4 Kh5 57. e4 Kg6 58. c4 Rc2 59. Rh8 h2 60. c5 Rxc5 61. Rxh2 Rc3 62. Rg2+ Kf6 63. Rh2 Ke6 64. Rh6+ f6 65. Rh8 Kf7 66. Ra8 Rc5 67. Ra6 Kg6 68. Re6 Kf7 69. Rd6 Kg6 70. Rd5 Rc3 71. Ra5 Kf7 72. Kg4 Rd3 73. f4 Rd4 74. Kf5 Rc4 75. Ra7+ Ke8 76. Ra6 1-0

[Event "November 21 Early 2023"]
[Site "https://www.chess.com"]
[Date "2023.11.21"]
[Round "5"]
[White "Nakamura, Hikaru"]
[Black "Pranesh M"]
[Result "1-0"]
[Board "1"]
[TimeControl "180+1"]
[WhiteFideId "2016192"]
[BlackFideId "35028600"]
[WhiteElo "2874"]
[BlackElo "2481"]
[WhiteTeam "USA"]
[BlackTeam "IND"]
[WhiteClock "0:00:09"]
[BlackClock "0:00:04"]

1. h4 h6 2. e4 e5 3. Nf3 Nc6 4. Bc4 Nf6 5. d3 Bc5 6. Nc3 d6 7. Be3 Bg4 8. Bxc5 dxc5 9. Bb5 Nh5 10. Nd5 O-O 11. Bxc6 bxc6 12. Ne3 Qc8 13. g3 Nf6 14. Nxg4 Nxg4 15. Qe2 c4 16. dxc4 f5 17. Nd2 f4 18. gxf4 Rxf4 19. f3 Nf6 20. O-O-O Qe6 21. Rdg1 Rf8 22. Qe3 a6 23. Qa3 Ra8 24. Qe3 Qe7 25. h5 Nh7 26. Rg6 Ng5 27. b3 Raf8 28. Kb2 Qd7 29. Rg1 Kh7 30. Qc3 R8f7 31. Rg2 Qh3 32. R2xg5 hxg5 33. Rxg5 Qh2 34. Nf1 Qf2 35. Ng3 Rxf3 36. Qxe5 Qd2 37. Rf5 Rf2 38. Qc3 Qxc3+ 39. Kxc3 R7xf5 40. Nxf5 Rh2 41. Kd4 Rxh5 42. b4 g5 43. e5 g4 44. Ke4 Kg6 45. Ng3 Rh8 46. Kf4 Re8 47. Ne4 Re7 48. a4 Re6 49. a5 Re7 50. c3 Re8 51. Nf6 Re6 52. Nxg4 Re8 53. Ne3 Rd8 54. Ke4 Kf7 55. Nf5 Ke6 56. Nd4+ Kd7 57. e6+ Kd6 58. c5+ Ke7 59. Nxc6+ 1-0

[Event "November 21 Early 2023"]
[Site "https://www.chess.com"]
[Date "2023.11.21"]
[Round "5"]
[White "Carlsen, Magnus"]
[Black "Bharath Subramaniyam H"]
[Result "1-0"]
[Board "2"]
[TimeControl "180+1"]
[WhiteFideId "1503014"]
[BlackFideId "46634827"]
[WhiteElo "2887"]
[BlackElo "2435"]
[WhiteTeam "NOR"]
[BlackTeam "IND"]
[WhiteClock "0:01:25"]
[BlackClock "0:00:02"]

1. e3 d5 2. c4 c6 3. Nf3 Nf6 4. Nc3 e6 5. b3 Bd6 6. d4 Nbd7 7. Bb2 O-O 8. Bd3 b6 9. O-O Bb7 10. Qe2 Qe7 11. cxd5 exd5 12. Ba6 Bxa6 13. Qxa6 Ne4 14. Rac1 Ndf6 15. Nxe4 dxe4 16. Ne5 c5 17. h3 Nd5 18. Qc4 Qe6 19. Rfd1 Bxe5 20. dxe5 Nb4 21. Qxe4 Nxa2 22. Rc4 Rad8 23. Rxd8 Rxd8 24. Ra4 Qxb3 25. e6 Qxb2 26. e7 Re8 27. Rxa7 Qb5 28. Rxa2 Qd7 29. Ra8 g6 30. Rxe8+ Qxe8 31. Qe5 c4 32. Qd6 f5 33. Qd5+ Kg7 34. Qd4+ Kh6 35. Qf6 Kh5 36. Qf8 Qc6 37. e8=Q c3 38. Qxc6 1-0

[Event "November 21 Early 2023"]
[Site "https://www.chess.com"]
[Date "2023.11.21"]
[Round "5"]
[White "Dubov, Daniil"]
[Black "Henriquez Villagra, Cristobal"]
[Result "1-0"]
[Board "3"]
[TimeControl "180+1"]
[WhiteFideId "24126055"]
[BlackFideId "3409350"]
[WhiteElo "2767"]
[BlackElo "2572"]
[WhiteTeam "RUS"]
[BlackTeam "CHI"]
[WhiteClock "0:00:03"]
[BlackClock "0:00:02"]

1. d4 Nf6 2. Nf3 g6 3. c4 Bg7 4. Nc3 d6 5. Bg5 h6 6. Bh4 g5 7. Bg3 Nh5 8. e3 Nxg3 9. hxg3 c5 10. d5 Bxc3+ 11. bxc3 Kd7 12. a4 Kc7 13. a5 Nd7 14. Be2 g4 15. Nd2 Ne5 16. f4 gxf3 17. gxf3 Qg8 18. Nf1 h5 19. Qd2 Bd7 20. Qb2 Rb8 21. Rb1 Bf5 22. e4 Bd7 23. Qd2 Qg7 24. f4 Ng4 25. Bf3 f5 26. exf5 Bxf5 27. Rb2 e5 28. dxe6 Rhe8 29. Rxh5 Bxe6 30. Kd1 Bxc4 31. Rg5 Qf6 32. Rxg4 Bxf1 33. Rg5 Ba6 34. Kc1 Re7 35. Rh5 Rbe8 36. Rh1 Re3 37. Rh7+ Kd8 38. Bxb7 Re1+ 39. Kc2 R8e2 40. Bxa6 Rxd2+ 41. Kxd2 Re7 42. Rb8+ Kc7 43. Rb7+ Kc6 44. Rhxe7 Qg6 45. Bd3 Qxg3 46. Rec7+ Kd5 47. Re7 Qxf4+ 48. Kc2 c4 49. Be4+ 1-0

[Event "November 21 Early 2023"]
[Site "https://www.chess.com"]
[Date "2023.11.21"]
[Round "5"]
[White "Ashraf, Artin"]
[Black "Andreikin, Dmitry"]
[Result "0-1"]
[Board "4"]
[TimeControl "180+1"]
[WhiteFideId "22514805"]
[BlackFideId "4158814"]
[WhiteElo "2235"]
[BlackElo "2741"]
[WhiteTeam "IRI"]
[BlackTeam "FID"]
[WhiteClock "0:00:38"]
[BlackClock "0:01:30"]

1. c4 e6 2. Nf3 d5 3. e3 Nf6 4. b3 c5 5. Bb2 Nc6 6. cxd5 exd5 7. Bb5 Bd6 8. Bxc6+ bxc6 9. h3 Ba6 10. d3 c4 11. dxc4 dxc4 12. Nbd2 cxb3 13. axb3 Bd3 14. Bc3 Nd5 15. Ba5 Nxe3 16. Qe2 Bxe2 17. Bxd8 Bxf3 18. Nxf3 Nc2+ 0-1

[Event "November 21 Early 2023"]
[Site "https://www.chess.com"]
[Date "2023.11.21"]
[Round "5"]
[White "Sadhwani, Raunak"]
[Black "Shimanov, Aleksandr"]
[Result "1-0"]
[Board "5"]
[TimeControl "180+1"]
[WhiteFideId "35093487"]
[BlackFideId "4198603"]
[WhiteElo "2668"]
[BlackElo "2611"]
[WhiteTeam "IND"]
[BlackTeam "RUS"]
[WhiteClock "0:00:09"]
[BlackClock "0:00:00"]

1. c4 e5 2. Nc3 Bb4 3. Qc2 Nf6 4. g3 O-O 5. Bg2 c6 6. e4 b5 7. cxb5 cxb5 8. Nf3 Nc6 9. O-O Ba6 10. Nd5 Be7 11. Nxe7+ Qxe7 12. d3 Rac8 13. Qe2 b4 14. a3 Rfd8 15. axb4 Nxb4 16. Bd2 Bb5 17. Bxb4 Qxb4 18. Nxe5 a5 19. Rfc1 a4 20. Nc4 d5 21. exd5 Nxd5 22. Na3 Rxc1+ 23. Rxc1 Nf6 24. Nxb5 Qxb5 25. Rc4 h6 26. Bc6 Qf5 27. Bxa4 g5 28. Bc6 Qxd3 29. Qxd3 Rxd3 30. b4 Rb3 31. b5 Kg7 32. h3 h5 33. Rd4 Kg6 34. Kf1 Rb2 35. Ke1 Kf5 36. Rd2 Rb3 37. Kd1 h4 38. Kc2 Rb4 39. Kc3 Rb1 40. gxh4 gxh4 41. Rd4 Rf1 42. Rxh4 Ke5 43. Kb4 Kd6 44. Rf4 1-0

[Event "November 21 Early 2023"]
[Site "https://www.chess.com"]
[Date "2023.11.21"]
[Round "5"]
[White "Bortnyk, Olexandr"]
[Black "Kuzubov, Yuriy"]
[Result "1/2-1/2"]
[Board "6"]
[TimeControl "180+1"]
[WhiteFideId "14120828"]
[BlackFideId "14112906"]
[WhiteElo "2725"]
[BlackElo "2487"]
[WhiteTeam "UKR"]
[BlackTeam "UKR"]
[WhiteClock "0:00:14"]
[BlackClock "0:00:05"]

1. d4 Nf6 2. Nc3 d5 3. Bf4 e6 4. Nb5 Bb4+ 5. c3 Ba5 6. a4 a6 7. b4 axb5 8. axb5 Bd7 9. e3 Bxb4 10. Rxa8 Bxc3+ 11. Ke2 Bxb5+ 12. Kf3 Bxf1 13. Qxf1 O-O 14. Qb5 Ne4 15. Qxb7 e5 16. Bxe5 h5 17. Qxc7 Qg5 18. g3 Qf5+ 19. Bf4 Ng5+ 20. Ke2 Qc2+ 21. Kf1 Qb1+ 22. Kg2 Qe4+ 23. Kf1 Qb1+ 24. Kg2 Qe4+ 25. f3 Qc2+ 26. Kf1 Qd1+ 27. Kf2 Qe1+ 28. Kg2 Qd2+ 29. Kf1 Qd1+ 30. Kf2 Qe1+ 31. Kg2 Qd2+ 32. Kf1 Qd1+ 1/2-1/2

[Event "November 21 Early 2023"]
[Site "https://www.chess.com"]
[Date "2023.11.21"]
[Round "5"]
[White "Le, Tuan Minh"]
[Black "Taher, Yoseph Theolifus"]
[Result "1-0"]
[Board "7"]
[TimeControl "180+1"]
[WhiteFideId "12401153"]
[BlackFideId "7105347"]
[WhiteElo "2561"]
[BlackElo "2352"]
[WhiteTeam "VIE"]
[BlackTeam "INA"]
[WhiteClock "0:00:05"]
[BlackClock "0:00:04"]

1. d4 Nf6 2. Nf3 e6 3. Bf4 b6 4. e3 Nh5 5. Bg3 Be7 6. Bd3 Bb7 7. e4 d6 8. Qe2 a6 9. Nbd2 Nd7 10. c3 c5 11. a4 Qc7 12. O-O Nxg3 13. hxg3 O-O 14. Rfe1 cxd4 15. cxd4 Rfc8 16. b4 Qc3 17. Reb1 Bf8 18. Ra2 Qc7 19. g4 g6 20. g5 h6 21. gxh6 Bxh6 22. Nf1 Nf6 23. Ng3 Kg7 24. Rc2 Qd7 25. Rxc8 Bxc8 26. b5 axb5 27. Bxb5 Qc7 28. e5 dxe5 29. dxe5 Nd5 30. Re1 Bb7 31. Ne4 Nf4 32. Qb2 Bxe4 33. Rxe4 Rd8 34. Re1 Qb7 35. Qb4 Nd5 36. Qe4 Qc7 37. g3 Nc3 38. Qh4 Nd5 39. Kg2 Rh8 40. Rh1 Kg8 41. Qd4 Qb7 42. Bd3 Qc7 43. Be4 Nc3 44. Re1 Kg7 45. Bd3 Rd8 46. Qh4 Rh8 47. Qf6+ Kg8 48. Rh1 Nd5 49. Qh4 Bg7 50. Qd4 Rxh1 51. Kxh1 Bf8 52. Kg2 Bc5 53. Qg4 Ne7 54. Qh4 Nf5 55. Bxf5 exf5 56. Ng5 Qc6+ 57. f3 Qd5 58. e6 Kf8 59. exf7 Ke7 60. Qh8 Kd7 61. Qe8+ Kc7 62. Ne6+ Kd6 63. f8=Q+ Ke5 64. Nxc5+ Kd4 65. Ne6+ Kc3 66. Qa3+ Kc2 67. Qc8+ Kd1 68. Qac1+ Ke2 69. Nf4# 1-0

[Event "November 21 Early 2023"]
[Site "https://www.chess.com"]
[Date "2023.11.21"]
[Round "5"]
[White "Alexandre, Anne Shopie Elizabeth"]
[Black "Daneshvar, Bardiya"]
[Result "1-0"]
[Board "8"]
[TimeControl "180+1"]
[WhiteFideId "11902418"]
[BlackFideId "12576468"]
[WhiteElo "2811"]
[BlackElo "2483"]
[WhiteTeam "HAI"]
[BlackTeam "IRI"]
[WhiteClock "0:00:38"]
[BlackClock "0:00:00"]

1. c4 c5 2. Nf3 g6 3. g3 Bg7 4. Bg2 Nc6 5. Nc3 Nf6 6. d4 cxd4 7. Nxd4 O-O 8. O-O Qa5 9. Nb3 Qh5 10. e4 Ng4 11. h3 Nge5 12. Qxh5 gxh5 13. c5 Nd3 14. Rd1 Nxc1 15. Raxc1 h4 16. g4 b6 17. cxb6 axb6 18. a3 Bh6 19. Rb1 Rb8 20. Nd4 Nxd4 21. Rxd4 d6 22. Rc4 Be6 23. Rc7 Bg5 24. Nd5 Rfe8 25. b4 b5 26. Rb3 Rec8 27. Rbc3 Rxc7 28. Rxc7 Kf8 29. Bf1 Bxd5 30. exd5 Bf6 31. Ra7 Rc8 32. Bxb5 Bd4 33. Rb7 Rc2 34. a4 Rxf2 35. Bc6 Rf3+ 36. Kg2 Rg3+ 37. Kh2 Be5 38. a5 Rxg4+ 39. Kh1 Rg3 40. a6 Rxh3+ 41. Kg2 Rh2+ 42. Kf3 Ra2 43. a7 Kg7 44. Rxe7 Ra3+ 45. Kg4 h3 46. Rxe5 dxe5 47. a8=Q Rxa8 48. Bxa8 h2 49. d6 1-0

[Event "November 21 Early 2023"]
[Site "https://www.chess.com"]
[Date "2023.11.21"]
[Round "5"]
[White "Matinian, Nikita"]
[Black "Liang, Awonder"]
[Result "0-1"]
[Board "9"]
[TimeControl "180+1"]
[WhiteFideId "24129100"]
[BlackFideId "2056437"]
[WhiteElo "2417"]
[BlackElo "2527"]
[WhiteTeam "FID"]
[BlackTeam "USA"]
[WhiteClock "0:00:01"]
[BlackClock "0:00:51"]

1. e4 b6 2. d4 Bb7 3. Bd3 e6 4. Nf3 d6 5. O-O Nd7 6. c3 g6 7. Bg5 Ne7 8. Qd2 h6 9. Be3 Bg7 10. a4 a6 11. Na3 g5 12. b4 Ng6 13. h3 Nf6 14. e5 dxe5 15. Bxg6 Bxf3 16. Bd3 e4 17. Bc2 Bh5 18. Nc4 O-O 19. Ne5 Qd5 20. g4 Bg6 21. Nxg6 fxg6 22. Rab1 Kh8 23. Rfe1 Rad8 24. Qe2 b5 25. axb5 axb5 26. Ra1 Qc6 27. Bd2 Qd6 28. Bxe4 e5 29. Bxg6 exd4 30. cxd4 Nxg4 31. hxg4 Qxg6 32. Be3 Qe4 33. Rac1 c6 34. Qc2 Qxg4+ 35. Kf1 Qh3+ 36. Ke2 Qf3+ 37. Kf1 Rde8 38. Qxc6 Qh3+ 39. Qg2 Rxe3 40. Qxh3 Rxh3 41. Rc7 Rhf3 42. Ree7 Bxd4 43. Rh7+ Kg8 44. Rxh6 Rxf2+ 45. Ke1 R2f6 46. Rxf6 Rxf6 47. Rb7 Rf5 48. Ke2 Bc3 49. Kd3 Bxb4 50. Ke4 Rc5 0-1

[Event "November 21 Early 2023"]
[Site "https://www.chess.com"]
[Date "2023.11.21"]
[Round "5"]
[White "Nihal Sarin"]
[Black "Nagy, Gabor"]
[Result "1-0"]
[Board "10"]
[TimeControl "180+1"]
[WhiteFideId "25092340"]
[BlackFideId "737119"]
[WhiteElo "2689"]
[BlackElo "2505"]
[WhiteTeam "IND"]
[BlackTeam "HUN"]
[WhiteClock "0:00:56"]
[BlackClock "0:01:09"]

1. Nf3 c5 2. e3 Nc6 3. Bb5 Qc7 4. O-O a6 5. Bxc6 Qxc6 6. d4 cxd4 7. exd4 Nf6 8. Bg5 Ne4 9. d5 Qg6 10. Bh4 d6 11. Re1 Bg4 12. Nc3 Nxc3 13. bxc3 Qh5 14. Bg3 Bxf3 15. gxf3 Rd8 16. Rb1 Rd7 17. c4 g5 18. Qd4 Rg8 19. c5 dxc5 20. Qxc5 f5 21. Qc8+ Rd8 22. Qxf5 1-0

[Event "November 21 Early 2023"]
[Site "https://www.chess.com"]
[Date "2023.11.21"]
[Round "5"]
[White "Kravtsiv, Martyn"]
[Black "Le, Quang Liem"]
[Result "0-1"]
[Board "11"]
[TimeControl "180+1"]
[WhiteFideId "14113147"]
[BlackFideId "12401137"]
[WhiteElo "2689"]
[BlackElo "2665"]
[WhiteTeam "UKR"]
[BlackTeam "VIE"]
[WhiteClock "0:00:23"]
[BlackClock "0:00:32"]

1. e4 c5 2. Nf3 Nc6 3. d4 cxd4 4. Nxd4 e5 5. Nb5 d6 6. N1c3 a6 7. Na3 Be6 8. Nd5 Nf6 9. Nxf6+ gxf6 10. Nc4 d5 11. exd5 Bxd5 12. c3 f5 13. h4 Be6 14. Bg5 Qc7 15. Qd2 h6 16. Bf6 Rg8 17. h5 b5 18. Ne3 Be7 19. Bxe7 Nxe7 20. O-O-O f4 21. Nc2 Bxa2 22. g3 Bd5 23. Rh4 O-O-O 24. Qe2 fxg3 25. fxg3 Rxg3 26. Nb4 Bf3 27. Rxd8+ Qxd8 28. Qe1 Nf5 29. Bh3 Qxh4 30. Bxf5+ Kb7 31. Kb1 Qh1 0-1

[Event "November 21 Early 2023"]
[Site "https://www.chess.com"]
[Date "2023.11.21"]
[Round "5"]
[White "Nguyen, Ngoc Truong Son"]
[Black "Klukin, Kirill"]
[Result "1-0"]
[Board "12"]
[TimeControl "180+1"]
[WhiteFideId "12401110"]
[BlackFideId "24199273"]
[WhiteElo "2556"]
[BlackElo "2344"]
[WhiteTeam "VIE"]
[BlackTeam "RUS"]
[WhiteClock "0:00:25"]
[BlackClock "0:00:00"]

1. e4 c5 2. Nf3 g6 3. d4 cxd4 4. Qxd4 Nf6 5. Bb5 a6 6. e5 axb5 7. exf6 Nc6 8. fxe7 Qxe7+ 9. Qe3 Qxe3+ 10. Bxe3 Bg7 11. c3 b4 12. Bc5 d6 13. Bxd6 Bg4 14. O-O O-O-O 15. Bf4 Bxf3 16. gxf3 Rd3 17. Rc1 Rxf3 18. Be3 Rd8 19. a4 Rf5 20. a5 bxc3 21. Nxc3 Kd7 22. a6 bxa6 23. Rxa6 Ne5 24. Ne4 Ke8 25. Nd6+ Rxd6 26. Rxd6 Ng4 27. b4 Be5 28. Ra6 Bxh2+ 29. Kg2 Be5 30. Bc5 h5 31. Rd1 Bf6 32. Ra8+ 1-0

[Event "November 21 Early 2023"]
[Site "https://www.chess.com"]
[Date "2023.11.21"]
[Round "5"]
[White "Cherniaiev, Tykhon"]
[Black "Galchenko, Matvey"]
[Result "0-1"]
[Board "13"]
[TimeControl "180+1"]
[WhiteFideId "14182360"]
[BlackFideId "24175480"]
[WhiteElo "2438"]
[BlackElo "2406"]
[WhiteTeam "UKR"]
[BlackTeam "FID"]
[WhiteClock "0:00:00"]
[BlackClock "0:00:05"]

1. Nf3 c5 2. c4 g6 3. g3 Bg7 4. Bg2 Nc6 5. O-O e6 6. Nc3 Nge7 7. a3 O-O 8. Rb1 d6 9. d3 b6 10. Bd2 Bb7 11. b4 Qd7 12. Qc2 Rac8 13. Rfc1 Rfd8 14. Qa4 Nf5 15. b5 Ncd4 16. Nxd4 cxd4 17. Ne4 Bxe4 18. Bxe4 Ne7 19. Qa6 Rc7 20. a4 Rb8 21. a5 h6 22. axb6 axb6 23. Bg2 Kh7 24. Qa3 Rbc8 25. Bb4 Ra7 26. Qb2 Rac7 27. Ra1 d5 28. Qb3 dxc4 29. Rxc4 Qxb5 30. Rac1 Nd5 31. Bxd5 Qxd5 32. Be1 Rxc4 33. dxc4 Qc6 34. Qd3 Rd8 35. Bb4 e5 36. f3 f5 37. Qa3 e4 38. Qa7 Rd7 39. Qb8 exf3 40. exf3 d3 0-1